 Dungeon Crawl Stone Soup version 0.20.1-1-g8b1a95d (webtiles) character file.

1008 equalderp2856 the Cleaver (level 8, -2/67 HPs)
             Began as a Minotaur Fighter on July 25, 2017.
             Slain by an iguana (7 damage)
             ... on level 5 of the Dungeon.
             The game lasted 00:09:31 (4272 turns).

equalderp2856 the Cleaver (Minotaur Fighter)        Turns: 4272, Time: 00:09:32

Health: -2/67      AC: 10    Str: 23    XL:     8   Next: 1%
Magic:  10/10      EV:  9    Int:  7    God:
Gold:   217        SH: 10    Dex: 14    Spells: 11/11 levels left

rFire    . . .     SeeInvis .   a - +0 war axe
rCold    . . .     Gourm    .   I - +0 shield {reflect}
rNeg     . . .     Faith    .   b - +0 scale mail
rPois    .         Spirit   .   (helmet restricted)
rElec    .         Reflect  +   w - +0 cloak
rCorr    .         Harm     .   s - +1 pair of gloves
MR       .....                  (no boots)
Stlth    ..........             (no amulet)
Regen    0.3/turn               (no ring)
MPRegen  0.2/turn               (no ring)

@: no status effects
A: retaliatory headbutt, horns 2, agile 1, clever 1, strong 1
a: no special abilities


You were on level 5 of the Dungeon.
You were not hungry.

You visited 1 branch of the dungeon, and saw 5 of its levels.

You collected 217 gold pieces.

Inventory:

Hand Weapons
 a - a +0 war axe (weapon)
 r - a +1 dagger of venom
 x - a +3 quarterstaff of chaos
 y - a +0 blowgun
 D - a +1 antimagic short sword
 G - a +4 short sword
Missiles
 p - 127 stones (quivered)
 q - 54 arrows
 z - 10 poisoned needles
 A - 23 sling bullets
 F - 3 tomahawks
Armour
 b - a +0 scale mail (worn)
 c - a +0 shield
 s - a +1 pair of gloves (worn)
 u - a +0 pair of gloves
 w - a +0 cloak (worn)
 E - a +0 robe
 I - a +0 shield of reflection (worn)
Magical Staves
 J - an uncursed staff of fire {unknown}
Jewellery
 K - an uncursed ring of protection from cold {unknown}
 M - an uncursed ring of fire {unknown}
Scrolls
 e - 2 scrolls of remove curse {unknown}
 g - 4 scrolls of teleportation {unknown}
 h - a scroll of noise {unknown}
 i - 3 scrolls of identify {unknown}
 k - a scroll of fear {unknown}
 l - a scroll of recharging {unknown}
 o - a scroll of enchant armour {unknown}
 B - a scroll of fog {unknown}
 C - a scroll of random uselessness {unknown}
 L - a scroll of magic mapping {unknown}
Potions
 d - 2 potions of might
 n - a potion of flight {unknown}
 v - a potion of mutation
 H - a potion of curing {unknown}
 N - a potion of haste {unknown}
Comestibles
 f - 2 bread rations
 j - 3 meat rations
 m - 2 royal jellies
 t - 2 fruits


   Skills:
 + Level 4.4 Fighting
 * Level 8.1 Axes
 + Level 4.9 Armour
 + Level 2.3 Dodging
 + Level 0.1 Stealth
 + Level 5.5 Shields
 * Level 2.1 Spellcasting


You had 11 spell levels left.
You didn't know any spells.

Dungeon Overview and Level Annotations

Branches:
Dungeon (5/15)
 Temple: D:4-7

Altars:
Kikubaaqudgha

Shops:
D:5 }


Innate Abilities, Weirdness & Mutations

You reflexively headbutt those who attack you in melee.
You have a pair of horns on your head.
You are agile. (Dex +2)
Your mind is acute. (Int +2)
Your muscles are strong. (Str +2)


Message History

You are too injured to fight recklessly!
You are too injured to fight recklessly!
You are too injured to fight recklessly!
You are too injured to fight recklessly!
You are too injured to fight recklessly!
You are too injured to fight recklessly!
You are too injured to fight recklessly!
You are too injured to fight recklessly!
You are too injured to fight recklessly!
The iguana closely misses you. You furiously retaliate!
You headbutt the iguana! You block the iguana's attack.
The iguana bites you but does no damage.
The iguana bites you but does no damage.
The iguana bites you.
* * * LOW HITPOINT WARNING * * *
The iguana bites you!
* * * LOW HITPOINT WARNING * * *
The iguana bites you!
You die...

### ##.##
#...#############
...............<#
......#########.#
##### .....## #.#
..... ....## ###>#
##### .#..#
#...#######. ###.#
#.#.@l...... #.#
#######.#.########
#.#
.................
######.#########
#.# #. #.# #..
.######.#######.#
...............#
.######..#.#...#
##


You could see an iguana.

Vanquished Creatures
  Prince Ribbit (D:4)
  3 ogres
  A scorpion (D:4)
  A howler monkey (D:4)
  Crazy Yiuf (D:2)
  A gnoll shaman (D:5)
  An orc wizard (D:3)
  A bullfrog skeleton (D:5)
  A worker ant (D:4)
  13 gnolls
  A howler monkey skeleton (D:5)
  8 adders
  2 oozes
  2 worms (D:2)
  A dart slug (D:2)
  2 leopard geckos (D:4)
  8 orcs
  5 giant cockroaches
  7 goblins
  6 hobgoblins
  21 jackals
  6 kobolds
  2 quokkas
  2 ball pythons
  12 bats
  2 frilled lizards (D:2)
  A quokka zombie (D:5)
  14 rats
126 creatures vanquished.

Vanquished Creatures (others)
  A human (D:2)
1 creature vanquished.

Grand Total: 127 creatures vanquished

Notes
Turn   | Place    | Note
-------+----------+-------------------------------------------
     0 | D:1      | equalderp2856 the Minotaur Fighter began the quest for the Orb.
     0 | D:1      | Reached XP level 1. HP: 19/19 MP: 0/0
   200 | D:1      | Reached XP level 2. HP: 27/27 MP: 1/1
  1063 | D:2      | Reached XP level 3. HP: 30/33 MP: 2/2
  1184 | D:2      | Reached skill level 3 in Axes
  1383 | D:2      | Reached XP level 4. HP: 36/40 MP: 3/3
  1445 | D:2      | Found a runed door.
  1638 | D:2      | Found an ancient bone altar of Kikubaaqudgha.
  1639 | D:2      | Noticed a human
  1641 | D:2      | Killed a human
  1741 | D:2      | Noticed Crazy Yiuf
  1748 | D:2      | Killed Crazy Yiuf
  1748 | D:2      | Reached skill level 4 in Axes
  2287 | D:3      | Reached XP level 5. HP: 42/46 MP: 4/4
  2414 | D:3      | Reached skill level 5 in Axes
  2913 | D:3      | Reached skill level 1 in Spellcasting
  3035 | D:4      | Reached XP level 6. HP: 53/53 MP: 6/6
  3117 | D:4      | Reached skill level 1 in Dodging
  3269 | D:4      | Reached skill level 6 in Axes
  3576 | D:4      | Reached skill level 5 in Shields
  3576 | D:4      | Reached XP level 7. HP: 56/60 MP: 8/8
  3676 | D:5      | Entered Level 5 of the Dungeon
  3740 | D:5      | Reached skill level 7 in Axes
  3952 | D:5      | Found Zixzio Bury's Quality Used Wands.
  3986 | D:5      | Noticed Prince Ribbit
  4240 | D:4      | Gained mutation: Your muscles are strong. (Str +2) [potion of mutation]
  4240 | D:4      | Gained mutation: Your mind is acute. (Int +2) [potion of mutation]
  4240 | D:4      | Gained mutation: You are agile. (Dex +2) [potion of mutation]
  4248 | D:4      | Killed Prince Ribbit
  4248 | D:4      | Reached skill level 8 in Axes
  4248 | D:4      | Reached XP level 8. HP: 12/67 MP: 8/10
  4272 | D:5      | Slain by an iguana

Skill      XL: |  1  2  3  4  5  6  7 |
---------------+----------------------+-----
Shields        | 4 5 |  5.5
Armour         | 4 |  4.9
Fighting       | 4 |  4.4
Axes           | 3 4 5 6 8 |  8.1
Spellcasting   | 1 2 |  2.1
Dodging        | 1 2 |  2.3
Stealth        | |  0.1

Action                   |  1- 3 |  4- 6 |  7- 9 || total
-------------------------+-------+-------+-------++-------
Melee: War axe           |   106 |   175 |    64 ||   345
       Headbutt          |    12 |    31 |    14 ||    57
  Use: Potion            |       |       |     1 ||     1
  Eat: Chunk             |     2 |     7 |     2 ||    11
Armor: Scale mail        |    52 |    72 |    20 ||   144
Dodge: Dodged            |    35 |    64 |    20 ||   119
Block: Shield            |    86 |   118 |    33 ||   237
       Reflection        |       |     4 |       ||     4
